 Dungeon Crawl Stone Soup version 0.32-a0-42-ga30500b4d3 (webtiles) character file.

Game seed: 16501579292835583824

384884 anacleto the Skinwalker (level 21, -5/300 (323) HPs)
             Began as a Troll Shapeshifter on Feb 2, 2024.
             Was a High Priest of Qazlal.
             Slain by an Executioner (18 damage)
             ... on level 2 of the Abyss.
             The game lasted 03:45:28 (55304 turns).

anacleto the Skinwalker (Troll Shapeshifter)       Turns: 55304, Time: 03:45:29

HP:   -5/300 (323)  AC: 43    Str: 42    XL:     21   Next: 98%
MP:   18/22         EV: 12    Int:  6    God:    Qazlal [*****.]
Gold: 4675          SH: 12    Dex:  9    Spells: 20/20 levels left

rFire   . .          .
                       - Unarmed
rCold   . . .        C - orb {light}
rNeg    + . .        B - melded +0 fire dragon scales
rPois   ∞            (helmet restricted)
rElec   +            z - scarf {harm}
rCorr   .            (gloves unavailable)
SInv    .            (boots unavailable)
Will    +....        W - amulet of reflection
Stlth   +            T - +4 ring of protection
HPRegen 1.50/turn    S - +6 ring of strength
MPRegen 0.18/turn

%: harm (+30% outgoing, +20% incoming), repel missiles, reflection
@: on fire, about to teleport, statue-form, protected from physical damage,
glowing, studying 2 skills, drained, unable to drink, very slow
A: slow and powerful, torment resistance 1, boosted hp, large, unfitting armour,
claws 3, regeneration 1, (shaggy fur 1), (tough skin 1), [low MP 2], [inability
to drink after injury 1], [inability to read after injury 1]
}: 2/15 runes: serpentine, barnacled
a: Begin Untransformation, Renounce Religion, Upheaval, Elemental Force,
Disaster Area


You were on level 2 of the Abyss.
You worshipped Qazlal.
Qazlal was extremely pleased with you.
You were a living statue of rough stone.
You visited 10 branches of the dungeon, and saw 41 of its levels.
You visited the Abyss 1 time.
You also visited: Ice Cave and Volcano.

You collected 7694 gold pieces.
You spent 3019 gold pieces at shops.

Inventory:

Hand Weapons
 p - a +2 falchion of holy wrath
Missiles
 a - 2 throwing nets
 j - 28 poisoned darts
 k - 59 large rocks
 q - 33 boomerangs (quivered)
 E - 28 javelins
 G - 5 curare-tipped darts
 H - 19 silver javelins
Armour
 z - a scarf of harm (worn)
 B - +0 fire dragon scales (melded)
 C - an orb of light (worn)
Jewellery
 D - a +5 ring of evasion
 S - a +6 ring of strength (right claw)
 T - a +4 ring of protection (left claw)
 W - an amulet of reflection (around neck)
Talismans
 h - a storm talisman
 s - a dragon-blood talisman
 Y - a granite talisman (active)
Wands
 o - a wand of mindburst (33)
 t - a wand of flame (50)
 y - a wand of paralysis (27)
 L - a wand of polymorph (6)
 P - a wand of acid (16)
 Q - a wand of digging (17)
Scrolls
 c - 6 scrolls of teleportation
 g - 6 scrolls of enchant armour
 r - 5 scrolls of revelation
 x - 5 scrolls of poison
 A - 6 scrolls of vulnerability
 F - a scroll of acquirement
 O - 3 scrolls of butterflies
 R - a scroll of torment
 V - a scroll of fear
 X - 5 scrolls of immolation
 Z - 2 scrolls of amnesia
Potions
 d - 5 potions of invisibility
 e - 15 potions of curing
 f - 3 potions of resistance
 i - 3 potions of ambrosia
 l - 7 potions of enlightenment
 m - 13 potions of might
 u - 2 potions of heal wounds
 v - 2 potions of mutation
 w - 3 potions of attraction
 I - 7 potions of cancellation
 J - 4 potions of haste
 K - a potion of berserk rage
 M - a potion of brilliance
 U - 7 potions of lignification
Miscellaneous
 b - a condenser vane (inert)


   Skills:
 * Level 23.0 Fighting
 - Level 9.5 Throwing
 - Level 8.3 Dodging
 - Level 13.6 Unarmed Combat
 - Level 10.5 Invocations
 * Level 23.9 Shapeshifting


You had 20 spell levels left.
You didn't know any spells.
Your spell library contained the following spells:

 Spells                   Type           Power      Damage    Failure   Level
 Apportation              Tloc           0%         N/A       45%         1
 Foxfire                  Conj/Fire      0%         2x1d4     45%         1
 Magic Dart               Conj           0%         1d3       45%         1
 Necrotise                Necr           0%         1d4       45%         1
 Slow                     Hex            0%         N/A       45%         1
 Blink                    Tloc           0%         N/A       58%         2
 Cigotuvi's Dreadful Rot  Necr/Alch/Air  0%         N/A       58%         2
 Jinxbite                 Hex            0%         N/A       58%         2
 Lesser Beckoning         Tloc           0%         N/A       58%         2
 Momentum Strike          Conj/Tloc      0%         3d8       58%         2
 Scorch                   Fire           0%         2d5       58%         2
 Searing Ray              Conj           0%         2d4       58%         2
 Confusing Touch          Hex            0%         N/A       83%         3
 Gell's Gravitas          Tloc           0%         N/A       83%         3
 Hailstorm                Conj/Ice       0%         3d5       83%         3
 Inner Flame              Hex/Fire       0%         N/A       83%         3
 Sigil of Binding         Hex            0%         N/A       83%         3
 Stone Arrow              Conj/Erth      0%         3d7       83%         3
 Summon Ice Beast         Ice/Summ       0%         N/A       83%         3
 Teleport Other           Tloc           0%         N/A       83%         3
 Vampiric Draining        Necr           0%         2d6       83%         3
 Anguish                  Hex/Necr       0%         N/A       99%         4
 Animate Armour           Summ/Erth      0%         N/A       99%         4
 Cause Fear               Hex            0%         N/A       99%         4
 Dispel Undead            Necr           0%         3d6       99%         4
 Flame Wave               Conj/Fire      0%         2d4       99%         4
 Fulminant Prism          Conj/Alch      0%         3d5       99%         4
 Ignite Poison            Fire/Alch      0%         N/A       99%         4
 Leda's Liquefaction      Alch/Erth      0%         N/A       99%         4
 Martyr's Knell           Necr/Summ      0%         N/A       99%         4
 Sticky Flame             Fire/Alch      0%         2d4       99%         4
 Summon Blazeheart Golem  Fire/Summ      0%         N/A       99%         4
 Summon Lightning Spire   Summ/Air       0%         N/A       99%         4
 Alistair's Intoxication  Alch           0%         N/A       100%        5
 Borgnjor's Vile Clutch   Necr/Erth      0%         N/A       100%        5
 Curse of Agony           Necr           0%         N/A       100%        5
 Freezing Cloud           Conj/Ice/Air   0%         6-21      100%        5
 Irradiate                Conj/Alch      0%         3d11      100%        5
 Iskenderun's Battlesphe  Conj           0%         2d6       100%        5
 Lee's Rapid Deconstruct  Erth           0%         3d4*      100%        5
 Summon Forest            Summ/Tloc      0%         N/A       100%        5
 Yara's Violent Unravell  Hex/Alch       0%         3d3       100%        5
 Bombard                  Conj/Erth      0%         9d1       100%        6
 Conjure Ball Lightning   Conj/Air       0%         3x3d6     100%        6
 Death Channel            Necr           0%         N/A       100%        6
 Eringya's Noxious Bog    Alch           0%         4d6       100%        6
 Plasma Beam              Fire/Air       0%         2x1d10    100%        6
 Sculpt Simulacrum        Ice/Alch       0%         N/A       100%        6
 Starburst                Conj/Fire      0%         6d3       100%        6
 Summon Cactus Giant      Summ           0%         N/A       100%        6
 Enfeeble                 Hex            0%         N/A       100%        7
 Orb of Destruction       Conj           0%         9d5       100%        7
 Spellforged Servitor     Conj/Summ      0%         N/A       100%        7
 Summon Hydra             Summ           0%         N/A       100%        7
 Discord                  Hex            0%         N/A       100%        8
 Disjunction              Tloc           0%         N/A       100%        8
 Ignition                 Fire           0%         3d3       100%        8
 Chain Lightning          Conj/Air       0%         N/A       100%        9
 Fire Storm               Conj/Fire      0%         5d1       100%        9
 Shatter                  Erth           0%         3d5*      100%        9


Dungeon Overview and Level Annotations

Branches:
Dungeon (15/15)            Temple (1/1) D:6            Lair (5/5) D:10
 Shoals (4/4) Lair:3        Snake (4/4) Lair:3        Slime (1/5) Lair:5
    Orc (2/2) D:10            Elf (3/3) Orc:2        Vaults (4/5) D:13
  Crypt (0/3) Vaults:2     Depths (2/4) D:15          IceCv (visited)
Volcano (visited)

Altars:
Ashenzari
Cheibriados
Dithmenos
Elyvilon
Fedhas
Gozag
Hepliaklqana
Kikubaaqudgha
Makhleb
Nemelex Xobeh
Okawaru
Qazlal
Ru
Sif Muna
Trog
Uskayaw
Vehumet
Wu Jian
Xom
Yredelemnul
Zin
The Shining One
Jiyva

Shops:
D:3 =   D:6 :   D:14 *   Orc:2 ([*:?[   Elf:1 *   Elf:2 !   Shoals:1 [
Snake:1 *   Snake:3 ?[(((   Vaults:2 *   Vaults:4 *

Portals:
Hell: Depths:1
Pandemonium: Depths:1
Trove: Vaults:3 (give 2 scrolls of acquirement)

Annotations:
Elf:2 2 runed translucent doors
Vaults:4 3 runed translucent doors


Innate Abilities, Weirdness & Mutations

You are a living statue of rough stone.
Your actions are slow, but your melee attacks are powerful.
You are resistant to unholy torment.
Your maximum health is greatly increased.
Your equipment is partially melded.
You are too large for most types of armour.
You are immune to poison.
You have claws for hands.
Your natural rate of healing is unusually fast.
((You are covered in fur. (AC +1)))
((You have tough skin. (AC +1)))
[Your magical capacity is very low. (-20% MP)]
[You occasionally lose the ability to drink potions when taking damage.]
[You occasionally lose the ability to read scrolls when taking damage.]


Message History

* * * LOW HITPOINT WARNING * * *
You hear a roar!
The Executioner hits you but does no damage. x2
The Executioner completely misses you.
The Executioner is engulfed in a thunderstorm.
The Executioner hits you!
* * * LOW HITPOINT WARNING * * *
You feel threatened and lose the ability to drink potions!
Your resistance to fire fades away.
You feel protected from physical attacks.
The Executioner hits you but does no damage. x2
Your water elemental hits the starcursed mass!
The starcursed mass is destroyed!
Qazlal accepts your kill.
The ynoxinul gestures.
A chorus of shrieks assaults your mind.
* * * LOW HITPOINT WARNING * * *
A starcursed mass splits.
The Executioner hits you.
* * * LOW HITPOINT WARNING * * *
You feel more protected from physical attacks.
The Executioner hits you but does no damage.
The Executioner completely misses you.
Your water elemental hits the Executioner.
Your water elemental engulfs the Executioner in water!
The ynoxinul gestures.
You cannot drink potions in your current state!
You shake off some of the fire as you move.
The liquid fire burns you!
* * * LOW HITPOINT WARNING * * *
You hear a roar!
You hear a screech!
The Executioner is asphyxiated!
The Executioner is engulfed in a thunderstorm.
The Executioner is no longer engulfed.
The Executioner hits you but does no damage. x3
The Executioner hits you!
* * * LOW HITPOINT WARNING * * *
The Executioner hits you but does no damage. x2
Your water elemental hits the Executioner.
Your water elemental engulfs the Executioner in water!
The Executioner hits you!
You die...

.##.###.. ........#
#.35.#.............
#........ .........
. #..5.5....h.... #
..####5..##h#....#.
##.......Xh.X....#
##
#....#..E§X.....##
#
#...☼..1#X....#...#
.####.8.##..†## #
#○°☼.##)#.#. #
#○..#..#...##
#...###).##. #####
######.# . ....
..... # .##..# # ..


You could see 4 starcursed masses, an Executioner (fast, unsilenced,
asphyxiating, ally target), 3 raiju, a ynoxinul, 4 ufetubi and a friendly water
elemental (summoned).

Vanquished Creatures
  Sojobo (Vaults:2)
  Xtahua (Vaults:2)
  Saint Roka (Snake:3)
  Nikola (Depths:1)
  Jory (Vaults:2)
  A hellephant (Vaults:2)
  Asterion (Vaults:2)
  An Executioner (Abyss:2)
  Polyphemus (Shoals:2)
  3 deep elf blademasters
  The ghost of RockinRobin the Fighter, an adept DsCK of Xom (Snake:4)
  2 tentacled starspawn (Abyss:2)
  6 acid blobs
  2 tengu reavers (Vaults:2)
  Agnes (Snake:3)
  Aizul (Snake:1)
  8 nagarajas (Snake:4)
  2 fire giants
  6 azure jellies
  3 frost giants (Depths:1)
  9 vault wardens
  The ghost of knightboat the Fighter, a journeyman DsGl of Qazlal (Snake:2)
  A balrug (Abyss:2)
  4 deep elf sorcerers
  An angel (Shoals:4)
  5 formless jellyfish
  3 deep elf elementalists
  An orc warlord (Vaults:1)
  A reaper (Abyss:2)
  2 quicksilver oozes (Lair:5)
  7 stone giants
  8 very ugly things (Depths:1)
  20 ironbound preservers
  4 ironbound thunderhulks
  A deep elf demonologist (Elf:2)
  A deep elf annihilator (Elf:2)
  Azrael (D:12)
  6 deep elf death magi
  The ghost of grandjackal the Fighter, a journeyman DsGl of Qazlal (D:13)
  2 dire elephants
  A green death (Depths:1)
  14 merfolk impalers
  2 ettins
  A fire dragon (Volcano)
  8 merfolk javelineers (Shoals:4)
  A jiangshi (Vaults:2)
  An entropy weaver (shapeshifter) (D:13)
  9 yaktaur captains
  Erolcha (Orc:2)
  An entropy weaver (Vaults:3)
  5 hydras
  A peacekeeper (Vaults:1)
  10 vault guards
  2 ogre magi
  17 centaur warriors
  6 satyrs
  6 great orbs of eyes
  8 merfolk avatars
  5 boulder beetles
  A catoblepas (Shoals:2)
  3 tengu warriors
  10 anacondas
  28 dancing weapons
  A death knight (D:14)
  8 ironbound frosthearts
  A deep troll shaman (Depths:1)
  10 death yaks
  4 merfolk aquamancers (Shoals:4)
  Urug (D:12)
  6 naga warriors
  5 two-headed ogres
  3 orc high priests (Orc:2)
  2 spriggan berserkers (Depths:1)
  6 naga sharpshooters
  2 occultists (Depths:1)
  4 sun demons (Abyss:2)
  7 shock serpents
  A wretched star (Abyss:2)
  2 hell knights (Vaults:2)
  Nergalle (Lair:1)
  15 deep elf knights
  A sixfirhy (Abyss:2)
  Amaemon (Lair:1)
  A fire crab (Volcano)
  A skeletal warrior (D:14)
  A storm dragon skeleton (Vaults:2)
  A salamander mystic (Snake:4)
  3 cherubim (Shoals:4)
  A spectral anaconda (Snake:4)
  14 sea snakes
  6 mana vipers
  53 deep trolls
  8 large abominations (Abyss:2)
  3 skysharks
  4 naga ritualists
  An orange crystal statue (D:14)
  11 deep elf archers
  28 slime creatures
  10 arcanists
  15 lindwurms
  An anaconda skeleton (Snake:4)
  2 phantasmal warriors
  12 ironbound convokers
  20 harpies
  27 deep elf zephyrmancers
  4 necromancers
  3 oklob plants (Lair:3)
  6 orc sorcerers
  28 deep elf pyromancers
  7 orc knights
  A wolf spider (D:15)
  28 ugly things
  10 fauns
  14 manticores
  11 merfolk sirens
  8 salamanders
  5 cyclopes
  7 water nymphs
  10 elephants
  An ice statue (IceCv)
  A frost giant skeleton (Vaults:2)
  2 smoke demons (Abyss:2)
  A torpor snail (Lair:5)
  2 molten gargoyles (Volcano)
  11 naga magi
  An eye of devastation (D:13)
  19 black mambas
  2 gargoyles (D:13)
  5 guardian serpents (Snake:4)
  10 vault sentinels
  8 rime drakes
  An orange demon (Lair:1)
  10 cane toads
  A hellion (Depths:1)
  2 efreet
  2 kobold demonologists
  A spectral sea snake (Snake:4)
  11 yaktaurs
  A guardian mummy (Vaults:3)
  12 ice devils (IceCv)
  3 anaconda simulacra
  5 komodo dragons
  2 human skeletons (Vaults:2)
  A tengu conjurer (Depths:1)
  8 freezing wraiths
  A troll (shapeshifter) (D:15)
  An ancient zyme (Abyss:2)
  A golden dragon simulacrum (Vaults:2)
  3 trolls
  2 hornets
  3 polar bears
  3 wind drakes
  Grinder (D:3)
  Prince Ribbit (D:7)
  18 merfolk
  6 raiju (Abyss:2)
  25 blink frogs
  A spectral guardian serpent (Snake:4)
  3 dream sheep (Shoals:4)
  A glass eye (shapeshifter) (Elf:2)
  5 snapping turtles
  Sigmund (D:6)
  3 air elementals
  A frost giant simulacrum (Vaults:2)
  A wyvern (Lair:3)
  13 water elementals
  A vampire (D:10)
  A spriggan (shapeshifter) (D:15)
  A ynoxinul (Abyss:2)
  4 basilisks
  9 wraiths
  42 yaks
  4 fire bats (Volcano)
  8 fire elementals
  3 redbacks (Vaults:3)
  Grum (D:8)
  A redback (shapeshifter) (D:10)
  5 vampire mosquitoes
  5 wargs
  A steam dragon (Lair:2)
  2 sea snake simulacra (Snake:4)
  3 acid dragons
  7 death yak simulacra (IceCv)
  A harpy simulacrum (IceCv)
  2 chaos spawn (Abyss:2)
  Edmund (D:5)
  2 hydra simulacra (IceCv)
  19 nagas
  16 water moccasins
  8 hell hounds
  A sky beast (D:7)
  3 guardian serpent simulacra (Snake:4)
  38 orc warriors
  An ice beast (D:5)
  A black bear (D:4)
  7 ogres
  4 small abominations (Abyss:2)
  6 boggarts (Vaults:2)
  6 laughing skulls
  19 centaurs
  16 wolves
  2 kobold brigands (D:8)
  17 bullfrogs
  Blork the orc (D:6)
  A gnoll sergeant (D:9)
  A scorpion (D:6)
  3 cane toad simulacra (IceCv)
  2 earth elementals
  11 wights
  5 killer bees (D:9)
  An elephant simulacrum (IceCv)
  10 howler monkeys
  A vampire bat (Lair:5)
  8 electric eels
  2 bombardier beetles
  9 lava snakes
  6 hounds
  A quasit (Abyss:2)
  A jelly (D:7)
  33 orc priests
  A gnoll bouda (D:9)
  An iron imp (Abyss:2)
  2 sleepcaps
  A starcursed mass (Abyss:2)
  Jessica (D:2)
  3 iguanas
  Terence (D:3)
  24 orc wizards
  3 troll simulacra (IceCv)
  2 polar bear simulacra (IceCv)
  A spriggan simulacrum (IceCv)
  7 wolf simulacra (IceCv)
  2 naga skeletons (Snake:4)
  8 gnolls (D:9)
  4 adders
  8 naga simulacra
  3 white imps (D:6)
  3 ufetubi
  4 ribbon worms
  5 dart slugs
  100 orcs
  11 ball pythons
  9 bats
  7 endoplasms
  12 goblins
  9 hobgoblins
  4 jackals
  15 kobolds
  2 quokkas
  5 frilled lizards
  3 rats
  3 butterflies (Lair:3)
1555 creatures vanquished.

Vanquished Creatures (collateral kills)
  Margery (Vaults:2)
  Jorgrun (Snake:1)
  A deep elf master archer (Elf:3)
  An orc warlord (Orc:1)
  A deep elf death mage (Elf:3)
  A merfolk impaler (Shoals:2)
  A merfolk javelineer (Shoals:2)
  2 merfolk avatars
  A satyr (Shoals:3)
  A deep elf knight (Elf:3)
  A deep troll (Vaults:2)
  A deep elf zephyrmancer (Elf:3)
  2 fauns (Shoals:3)
  An orc sorcerer (Orc:2)
  A salamander (Snake:4)
  3 black mambas
  A merfolk siren (Shoals:3)
  A guardian serpent (Snake:4)
  A freezing wraith (IceCv)
  2 ice devils (IceCv)
  A merfolk (Shoals:4)
  2 snapping turtles (Shoals:3)
  3 nagas (Snake:4)
  2 orc warriors
  An ogre (D:13)
  A starcursed mass (Abyss:2)
  An orc wizard (Orc:2)
36 creatures vanquished.

Vanquished Creatures (others)
  3 yaks (D:8)
  An orc (D:4)
  A kobold (D:8)
  3 starspawn tentacles (Abyss:2)
8 creatures vanquished.

Grand Total: 1599 creatures vanquished

Notes
Turn   | Place    | Note
-------+----------+-------------------------------------------
     0 | D:1      | anacleto the Troll Shapeshifter began the quest for the
                  | Orb.
     0 | D:1      | Reached XP level 1. HP: 18/18 MP: 0/0
   102 | D:1      | Reached skill level 1 in Fighting
   166 | D:1      | Reached XP level 2. HP: 27/27 MP: 1/1
   349 | D:1      | Found a faded altar of an unknown god.
   992 | D:2      | Noticed Jessica
   997 | D:2      | Killed Jessica
   998 | D:2      | Reached XP level 3. HP: 28/33 MP: 2/2
  1479 | D:2      | Reached XP level 4. HP: 41/41 MP: 3/3
  1819 | D:3      | Noticed Terence
  1830 | D:3      | Killed Terence
  1902 | D:3      | Reached skill level 1 in Throwing
  1999 | D:3      | Found Oprec's Jewellery Shop.
  2145 | D:3      | Reached XP level 5. HP: 47/48 MP: 4/4
  2248 | D:3      | Noticed Grinder
  2287 | D:3      | Paralysed by Grinder for 3 turns
  2300 | D:3      | Killed Grinder
  2301 | D:3      | Reached skill level 5 in Shapeshifting
  2301 | D:3      | Reached XP level 6. HP: 55/55 MP: 5/5
  2645 | D:4      | Reached XP level 7. HP: 56/62 MP: 6/6
  2706 | D:4      | Found a shadowy altar of Dithmenos.
  3110 | D:4      | Identified the +0 cloak of the Arcane {Int+4 Dex+3}
  3411 | D:4      | Found a sparkling altar of Nemelex Xobeh.
  3491 | D:5      | Entered Level 5 of the Dungeon
  3708 | D:5      | Found an iron altar of Okawaru.
  3823 | D:5      | Noticed Edmund
  3834 | D:5      | Killed Edmund
  3835 | D:5      | Reached XP level 8. HP: 56/67 MP: 7/7
  4005 | D:5      | Found a blossoming altar of Fedhas.
  4250 | D:6      | Noticed a two-headed ogre
  4273 | D:6      | Found a staircase to the Ecumenical Temple.
  4399 | D:6      | Identified the +5 trident of Foewaw {venom, Int+2 Dex+5}
  4582 | D:6      | Reached skill level 10 in Shapeshifting
  4589 | D:6      | Found Taofeebb's Book Boutique.
  4602 | D:6      | Noticed Blork the orc
  4607 | D:6      | Killed Blork the orc
  4630 | D:6      | Noticed a hornet
  4637 | D:6      | Killed a hornet
  4638 | D:6      | Reached XP level 9. HP: 76/76 MP: 8/8
  4640 | D:6      | Noticed Sigmund
  4643 | D:6      | Killed Sigmund
  4649 | Temple   | Entered the Ecumenical Temple
  4655 | Temple   | Became a worshipper of Qazlal Stormbringer
  4848 | D:6      | Found a white marble altar of Elyvilon.
  5020 | D:6      | Found an ornate altar of the Wu Jian Council.
  5024 | D:6      | Found a shimmering altar of Xom.
  5356 | D:7      | Noticed Prince Ribbit
  5363 | D:7      | Killed Prince Ribbit
  5996 | D:8      | Noticed a rust devil
  5997 | D:8      | Noticed a rust devil
  6091 | D:8      | Reached * piety under Qazlal
  6133 | D:8      | Reached skill level 1 in Invocations
  6465 | D:8      | Noticed Grum
  6476 | D:8      | Killed Grum
  6487 | D:8      | Reached XP level 10. HP: 87/87 MP: 10/10
  6815 | D:9      | Reached skill level 5 in Unarmed Combat
  6921 | D:9      | Reached ** piety under Qazlal
  7176 | D:9      | Found a hazy altar of Hepliaklqana.
  7973 | D:10     | Entered Level 10 of the Dungeon
  8262 | D:10     | Found a runed translucent door.
  8263 | D:10     | Noticed a deep elf knight
  8382 | D:10     | Found a staircase to the Lair.
  8393 | D:10     | Found a staircase to the Orcish Mines.
  8629 | D:10     | Found a flagged portal.
  8871 | D:10     | a merfolk changed into a black mamba
  8871 | D:10     | Noticed a black mamba (shapeshifter)
  8872 | D:10     | a black mamba changed into a harpy
  8872 | D:10     | Noticed a harpy (shapeshifter)
  8933 | D:11     | Reached *** piety under Qazlal
  8971 | D:11     | Noticed a two-headed ogre
  8996 | D:10     | Reached XP level 11. HP: 72/98 MP: 12/12
  9085 | D:11     | Noticed a boulder beetle
  9097 | D:11     | Killed a boulder beetle
  9291 | D:11     | Killed a two-headed ogre
  9534 | D:11     | Noticed a two-headed ogre
  9540 | D:11     | Killed a two-headed ogre
  9724 | D:12     | Noticed a centaur warrior
  9733 | D:12     | Killed a centaur warrior
  9763 | D:12     | Noticed a cyan ugly thing
  9773 | D:12     | Killed a cyan ugly thing
  9819 | D:12     | Noticed a two-headed ogre
  9837 | D:12     | Killed a two-headed ogre
  9862 | D:12     | Noticed Azrael
  9864 | D:12     | Reached **** piety under Qazlal
  9964 | D:12     | Noticed Urug
  9970 | D:12     | Killed Azrael
  9978 | D:12     | Reached skill level 5 in Invocations
  9981 | D:12     | Killed Urug
  9982 | D:12     | Reached skill level 5 in Fighting
 10047 | D:12     | Noticed a two-headed ogre
 10053 | D:12     | Killed a two-headed ogre
 10054 | D:12     | Reached XP level 12. HP: 111/111 MP: 14/14
 10282 | D:12     | Identified the +6 quarterstaff "Viejat" {holy, rPois rC-
                  | Dex-5 Stlth+}
 10807 | Orc:1    | Entered Level 1 of the Orcish Mines
 11070 | D:6      | Bought a manual of Fighting for 880 gold pieces
 11365 | Orc:1    | Noticed a two-headed ogre
 11381 | Orc:1    | Killed a two-headed ogre
 11630 | Orc:2    | Entered Level 2 of the Orcish Mines
 11641 | Orc:1    | HP: 2/150 [warg[an orc knight] (8)]
 11808 | D:10     | Noticed an ogre mage
 11808 | D:10     | Noticed a centaur warrior
 11962 | D:13     | Noticed a centaur warrior
 11970 | D:13     | Killed a centaur warrior
 11996 | D:13     | Found a runed translucent gate.
 11996 | D:13     | Found a runed translucent gate.
 11996 | D:13     | Found a runed translucent gate.
 11998 | D:13     | Noticed an azure jelly
 11999 | D:13     | Noticed an acid blob
 11999 | D:13     | Noticed an azure jelly
 11999 | D:13     | Noticed an azure jelly
 12000 | D:13     | Noticed grandjackal's ghost (journeyman DsGl)
 12000 | D:13     | Noticed an azure jelly
 12000 | D:13     | Noticed an acid blob
 12000 | D:13     | Noticed an acid blob
 12001 | D:13     | Noticed an acid blob
 12004 | D:13     | Found a viscous altar of Jiyva.
 12059 | D:13     | Noticed an ogre mage
 12060 | D:13     | Noticed a centaur warrior
 12113 | D:13     | Killed a centaur warrior
 12114 | D:13     | Reached skill level 10 in Fighting
 12115 | D:13     | Killed an ogre mage
 12703 | D:13     | Noticed an entropy weaver
 12707 | D:13     | Killed an entropy weaver
 12708 | D:13     | Reached XP level 13. HP: 140/140 MP: 16/16
 13025 | D:13     | Found a gate to the Vaults.
 13482 | Orc:2    | Found Yso Enum's Magic Scroll Emporium.
 13676 | Orc:1    | Reached ***** piety under Qazlal
 13751 | Orc:2    | Noticed Erolcha
 13868 | Orc:2    | Killed Erolcha
 13869 | Orc:2    | Reached skill level 10 in Unarmed Combat
 13942 | Orc:2    | Found a staircase to the Elven Halls.
 14350 | Orc:2    | Noticed an orc warlord
 14481 | Orc:1    | Killed an orc warlord
 14585 | Orc:2    | Bought a scroll of blinking for 90 gold pieces
 14585 | Orc:2    | Bought a scroll of identify for 24 gold pieces
 14585 | Orc:2    | Bought a scroll of identify for 24 gold pieces
 14585 | Orc:2    | Bought a scroll of identify for 24 gold pieces
 14585 | Orc:2    | Bought a scroll of fear for 48 gold pieces
 14585 | Orc:2    | Bought a scroll of identify for 24 gold pieces
 14586 | Orc:2    | Found Duzuamu's Antique Armour Emporium.
 14935 | Orc:2    | Found Pexeh's Antique Armour Shop.
 14936 | Orc:2    | Found Hoshrino's Antique Weapon Boutique.
 14938 | Orc:2    | Found Iveyloca's General Store.
 14938 | Orc:2    | Found Cinempaf's Book Shop.
 14963 | Orc:2    | Bought a potion of curing for 42 gold pieces
 14963 | Orc:2    | Bought a scroll of identify for 28 gold pieces
 15047 | Orc:2    | Reached skill level 15 in Shapeshifting
 15296 | Lair:1   | Entered Level 1 of the Lair of Beasts
 15297 | Lair:1   | Noticed Nergalle
 15301 | Lair:1   | Killed Nergalle
 15344 | Lair:1   | Noticed Amaemon
 15356 | Lair:1   | Killed Amaemon
 16222 | Lair:2   | Found a dark tunnel.
 16230 | Volcano  | Entered a volcano
 16501 | Volcano  | Found a bloodstained altar of Trog.
 16506 | Volcano  | Reached XP level 14. HP: 150/150 MP: 17/17
 17886 | Lair:3   | Found a staircase to the Shoals.
 18068 | Lair:3   | Found a staircase to the Snake Pit.
 18281 | Lair:3   | Found a runed translucent door.
 18636 | Lair:4   | Reached skill level 5 in Throwing
 18678 | Lair:4   | Found a frozen archway.
 18695 | IceCv    | Entered an ice cave
 18981 | IceCv    | Found an ancient bone altar of Kikubaaqudgha.
 19221 | IceCv    | Reached skill level 5 in Dodging
 20124 | Lair:5   | Entered Level 5 of the Lair of Beasts
 20124 | Lair:5   | Found a staircase to the Slime Pits.
 20155 | Lair:5   | Reached ****** piety under Qazlal
 20524 | Lair:5   | Reached XP level 15. HP: 161/161 MP: 19/19
 20711 | Lair:5   | Paralysed by a hornet for 3 turns
 21162 | Lair:5   | Identified the staff of Extremism {rPois rC+ Will- Hexes
                  | Summ Ice}
 21169 | Lair:5   | Identified the +4 trident of the Abyss {holy, rPois Int+3
                  | Dex-2}
 22112 | D:14     | Found Doiwyetagh's Assorted Antiques.
 22589 | Snake:1  | Entered Level 1 of the Snake Pit
 22645 | Snake:1  | Identified the serpent talisman "Awitziaz" {rElec Int+5
                  | Dex+4 Slay-6}
 22645 | Snake:1  | Noticed Aizul
 22663 | Snake:1  | Killed Aizul
 22924 | Snake:1  | Noticed Jorgrun
 22938 | Snake:1  | Killed Jorgrun
 23258 | Snake:1  | Found Nattytod's General Store.
 23265 | Snake:1  | Bought a scroll of teleportation for 60 gold pieces
 23265 | Snake:1  | Bought 2 potions of might for 160 gold pieces
 24329 | Snake:2  | Found a runed translucent door.
 24372 | Snake:2  | Noticed knightboat's ghost (journeyman DsGl)
 24618 | Snake:2  | Killed knightboat's ghost
 24933 | Snake:3  | Reached XP level 16. HP: 171/171 MP: 21/21
 25056 | Snake:3  | Found Mutaick's Magic Scroll Shop.
 25066 | Snake:3  | Bought a scroll of revelation for 75 gold pieces
 25066 | Snake:3  | Bought a scroll of blinking for 75 gold pieces
 25066 | Snake:3  | Bought a scroll of fog for 40 gold pieces
 25066 | Snake:3  | Bought a scroll of revelation for 75 gold pieces
 25066 | Snake:3  | Bought a scroll of revelation for 75 gold pieces
 25066 | Snake:3  | Bought a scroll of identify for 20 gold pieces
 25066 | Snake:3  | Bought a scroll of revelation for 75 gold pieces
 25291 | Snake:3  | Noticed Agnes
 25301 | Snake:3  | Killed Agnes
 25402 | Snake:3  | Found Kodybbor's Antique Weapon Emporium.
 25640 | Snake:3  | Found Jipurgh's Weapon Boutique.
 25642 | Snake:3  | Found Qavoshor's Antique Armour Boutique.
 25801 | Snake:3  | Found Zosmucey's Weapon Shop.
 25826 | Snake:3  | Noticed Saint Roka
 25836 | Snake:3  | Killed Saint Roka
 26388 | Snake:4  | Entered Level 4 of the Snake Pit
 26510 | Snake:4  | Found a runed translucent door.
 26510 | Snake:4  | Noticed RockinRobin's ghost (adept DsCK)
 28909 | Snake:4  | Got a serpentine rune of Zot
 29296 | Snake:4  | Killed RockinRobin's ghost
 29300 | Snake:4  | Reached XP level 17. HP: 180/180 MP: 18/23
 29608 | Elf:1    | Entered Level 1 of the Elven Halls
 30088 | D:13     | Killed an acid blob
 30205 | D:13     | Killed an acid blob
 30331 | D:12     | Killed an acid blob
 30346 | D:13     | Killed grandjackal's ghost
 30561 | D:13     | Killed an acid blob
 30961 | D:14     | Reached skill level 10 in Invocations
 31126 | D:14     | Found a broken altar of Ashenzari.
 31339 | D:14     | Found an ancient bone altar of Kikubaaqudgha.
 31706 | D:15     | Entered Level 15 of the Dungeon
 31879 | D:15     | Found a staircase to the Depths.
 32302 | D:15     | Found a sparkling altar of Nemelex Xobeh.
 32794 | Depths:1 | Entered Level 1 of the Depths
 32998 | Shoals:1 | Entered Level 1 of the Shoals
 33395 | Shoals:1 | Found Joiniodgh's Antique Armour Boutique.
 33496 | Shoals:1 | Got the Tome of Glowing Conjury
 34064 | Shoals:2 | Noticed Polyphemus
 34080 | Shoals:2 | Killed Polyphemus
 34159 | Shoals:2 | Found a runed translucent door.
 34805 | Shoals:2 | Acquired a manual of Fighting
 34807 | Shoals:2 | Acquired a manual of Fighting
 34816 | Shoals:2 | Acquired 587 gold pieces
 34818 | Shoals:2 | Acquired 975 gold pieces
 35250 | Shoals:3 | Reached skill level 15 in Fighting
 35337 | Shoals:3 | Reached XP level 18. HP: 193/193 MP: 24/24
 36854 | Shoals:4 | Entered Level 4 of the Shoals
 37497 | Shoals:4 | Found a white marble altar of Elyvilon.
 37853 | Shoals:4 | Identified the ring of Curghiusi {rF+ rN++ Dex-4}
 37943 | Shoals:4 | Got a barnacled rune of Zot
 38726 | Shoals:4 | Found a glowing silver altar of Zin.
 38848 | Shoals:4 | Found a glowing golden altar of the Shining One.
 39243 | Shoals:4 | Identified the +7 dagger of Destruction {freeze, Str+3
                  | Dex+3}
 39392 | Shoals:4 | Got the Almanac of Glowing Conjuration
 39644 | Vaults:1 | Entered Level 1 of the Vaults
 40903 | Vaults:1 | Reached XP level 19. HP: 211/211 MP: 25/25
 41670 | Vaults:2 | Noticed Margery
 41677 | Vaults:2 | Killed Margery
 41679 | Vaults:2 | Noticed a hellephant
 41708 | Vaults:2 | Noticed Asterion
 41713 | Vaults:2 | Killed Asterion
 41865 | Vaults:2 | Noticed Sojobo
 41891 | Vaults:2 | Killed Sojobo
 41902 | Vaults:2 | Noticed Xtahua
 41913 | Vaults:2 | Killed Xtahua
 42175 | Vaults:2 | Noticed Jory
 42185 | Vaults:2 | Killed Jory
 42244 | Vaults:2 | Killed the ghostly Margery
 42826 | Vaults:2 | Found Ygach's Assorted Antiques.
 42970 | Vaults:2 | Killed a hellephant
 43147 | Vaults:2 | Found a staircase to the Crypt.
 43460 | Vaults:2 | Bought a potion of berserk rage for 180 gold pieces
 43460 | Vaults:2 | Bought a scroll of immolation for 144 gold pieces
 44463 | Vaults:3 | Reached XP level 20. HP: 113/231 MP: 26/26
 45920 | Vaults:3 | Found a portal to a secret trove of treasure.
 46627 | Vaults:4 | Found a runed translucent gate.
 46627 | Vaults:4 | Found a runed translucent gate.
 46628 | Vaults:4 | Found a runed translucent gate.
 46992 | Vaults:4 | Found Neobbuamp's Assorted Antiques.
 46995 | Vaults:4 | Bought a potion of curing for 75 gold pieces
 46995 | Vaults:4 | Bought 2 scrolls of teleportation for 150 gold pieces
 46995 | Vaults:4 | Bought a scroll of teleportation for 75 gold pieces
 47876 | Slime:1  | Entered Level 1 of the Pits of Slime
 48901 | Depths:1 | Noticed Nikola
 48910 | Depths:1 | Killed Nikola
 49147 | Depths:1 | Found a gateway to Hell.
 49523 | Depths:1 | Found a one-way gate leading to the halls of Pandemonium.
 50321 | Depths:1 | Reached XP level 21. HP: 227/244 MP: 27/27
 50949 | Elf:1    | Found a huge runed translucent gate.
 50954 | Elf:1    | Found a huge runed translucent gate.
 50954 | Elf:1    | Found a huge runed translucent gate.
 50956 | Elf:1    | Found a huge runed translucent gate.
 50956 | Elf:1    | Found a huge runed translucent gate.
 50956 | Elf:1    | Found a huge runed translucent gate.
 50956 | Elf:1    | Found a huge runed translucent gate.
 50957 | Elf:1    | Found a huge runed translucent gate.
 50957 | Elf:1    | Found a huge runed translucent gate.
 50957 | Elf:1    | Found a huge runed translucent gate.
 50957 | Elf:1    | Found a huge runed translucent gate.
 50957 | Elf:1    | Found a huge runed translucent gate.
 50958 | Elf:1    | Found a huge runed translucent gate.
 50958 | Elf:1    | Found a huge runed translucent gate.
 50958 | Elf:1    | Found a huge runed translucent gate.
 50959 | Elf:1    | Found a huge runed translucent gate.
 50959 | Elf:1    | Found a huge runed translucent gate.
 50959 | Elf:1    | Found a huge runed translucent gate.
 50959 | Elf:1    | Found a huge runed translucent gate.
 50960 | Elf:1    | Found a huge runed translucent gate.
 51029 | Elf:1    | Found Pioguw's General Store.
 51127 | Elf:1    | Bought a potion of curing for 45 gold pieces
 51127 | Elf:1    | Bought a wand of digging (5) for 315 gold pieces
 51953 | Elf:2    | Paralysed by an air elemental for 1 turns
 51976 | Elf:2    | Paralysed by an air elemental for 1 turns
 52002 | Elf:2    | Paralysed by an air elemental for 1 turns
 52005 | Elf:2    | Paralysed by an air elemental for 1 turns
 52440 | Elf:2    | Found Memifiwk's Distillery.
 52448 | Elf:2    | Bought a potion of invisibility for 112 gold pieces
 52448 | Elf:2    | Bought a potion of curing for 42 gold pieces
 52448 | Elf:2    | Bought a potion of lignification for 42 gold pieces
 52624 | Elf:2    | Paralysed by an air elemental for 1 turns
 52972 | Elf:2    | Found a large runed translucent door.
 52972 | Elf:2    | Found a large runed translucent door.
 52996 | Elf:2    | Found a large runed translucent door.
 52996 | Elf:2    | Found a large runed translucent door.
 54310 | Elf:3    | Entered Level 3 of the Elven Halls
 54670 | Elf:3    | Identified the ring "Viff" {rCorr AC+4 Int+2}
 55032 | Abyss:2  | Cast into level 2 of the Abyss (a deep elf demonologist)
 55304 | Abyss:2  | HP: 13/300 [Executioner (18)]
 55304 | Abyss:2  | Slain by an Executioner

Illustrated notes

Levels and vault maps discovered:
D:1:      dpeg_cavernosity, layout_basic, ebering_ecumenical_altar_abandoned,
          kennysheep_doodads
D:2:      cheibrodos_greedy_goblins, layout_loops_ring, uniq_jessica,
          uniq_crazy_yiuf_cottage
D:3:      layout_basic, serial_forest, infiniplex_forest_straight_5,
          infiniplex_forest_clump_medium, infiniplex_forest_corner_1,
          infiniplex_forest_end_1, infiniplex_forest_lined_3,
          infiniplex_forest_lined_2, infiniplex_forest_clump_tiny, serial_shops,
          shop, uniq_terence, uniq_grinder
D:4:      layout_loops_ring, kennysheep_little_box, lemuel_doored_altar,
          fountainhead, kennysheep_cross_room
D:5:      layout_loops_cross, mainiacjoe_overflow_cross_hatched,
          mainiacjoe_overflow_surrounded_room, roderic_nine_men_s_morris,
          minivault_1, uniq_edmund
D:6:      layout_loops_ring, elyvilon_altar_1, minitemple,
          minmay_temple_entry_slanted, serial_shops, nicolae_book_shop_shelving,
          uniq_sigmund, uniq_blork_the_orc
D:7:      layout_rooms, uniq_prince_ribbit1
D:8:      cheibrodos_iron_armory, layout_basic, nrook_pool_corridor,
          lemuel_flamethrower_2, uniq_grum
D:9:      layout_basic, lemuel_tele_altar
D:10:     layout_layer_cave, lair_entry_dummy, orc_0_dummy, enter_bailey_5,
          minivault_13
D:11:     layout_loops_ring, gauntlet_entry_generic
D:12:     layout_basic, minmay_stone_trees_small, uniq_azrael, uniq_urug
D:13:     layout_gridville, hangedman_vaults_entry_quadrant_bands,
          gammafunk_ghost_ooze
D:14:     layout_loops_corners, kiku_gazebo_pond_becter, serial_shops, shop,
          minivault_16, nicolae_ashenzari_skybound
D:15:     grunt_enter_depths_snipers, layout_basic, nemelex_altar_shiori
Temple:   eino_narrow_crystal_temple
Lair:1:   layout_loops_ring, serial_bayou_shore_a, uniq_amaemon, uniq_nergalle
Lair:2:   beast_lair_carwin_large_1, layout_cave_pods,
          nicolae_volcano_entry_s_turn
Lair:3:   gammafunk_lair_enchanted_lake, layout_chaotic_city,
          elwin_shoals_entry_stream, nicolae_snake_entry_warm_welcome,
          dpeg_oklob_1, lemuel_fruit_fields, lemuel_fruit_tree,
          lemuel_fruit_fields
Lair:4:   layout_regular_city, portal_ice_cave_rime, serial_bayou_lake_a,
          lemuel_fruit_fields
Lair:5:   gammafunk_lair_ancient_temple, layout_layer_cave, slime_entry_1,
          small_statue_intersection, roderic_batcave
Shoals:1: layout_shoals, serial_shops, shop
Shoals:2: nicolae_shoals_offshore_bank_account, layout_shoals, uniq_polyphemus
Shoals:3: layout_shoals, nicolae_shoals_songs
Shoals:4: shoals_end_hellmonk_holy_island
Snake:1:  layout_onion_interference, minmay_shop_star, grunt_megastairs_3,
          uniq_jorgrun, uniq_aizul
Snake:2:  layout_onion_interference, gammafunk_ghost_grave,
          nicolae_snake_gridmaze_tees
Snake:3:  layout_cave_town, serial_shops, shop, nicolae_shop_peninsula,
          nicolae_take_the_stairs, nicolae_shop_real_fake_doors, shop,
          grunt_megastairs_1, uniq_agnes, uniq_saint_roka
Snake:4:  grunt_snake_rune_pools, layout_cave_town, ebering_ghost_inner_flame,
          drop_trap, nicolae_snake_the_dead_are_slithering
Slime:1:  layout_caves
Orc:1:    layout_caves
Orc:2:    st_orc_congregation, layout_caves, basic_altar, serial_shops,
          nicolae_shop_just_a_little_nook, shop, uniq_erolcha
Elf:1:    layout_loops_cross, serial_shops, shop, hangedman_elf_represent,
          minmay_curled_crystal
Elf:2:    elven_hall_of_blades_hangedman_alternative
          [nicolae_blade_entry_splitting_headache], layout_loops_cross,
          serial_shops, nicolae_shop_statue_plus
Elf:3:    grunt_elf_hall_branching, layout_loops_cross, minivault_15
Vaults:1: nicolae_vaults_closet_pinwheel_2, nicolae_vaults_mini_display_case,
          nicolae_vaults_closet_pinwheel_1, v_alt_pattern_6,
          nicolae_vaults_trapezoid_lopsided_1, vaults_room_grunt_arrival_ludios,
          nicolae_vaults_steering_wheel, nicolae_vaults_tetromino_Z_2,
          ontoclasm_vaults_bender, nicolae_vaults_double_plus_3,
          vaults_room_semicircle, layout_vaults_maze
Vaults:2: minmay_crypt_entry_simple_statues, nicolae_vaults_network_periphery,
          nicolae_vaults_house_3, vaults_dpeg_diagonal, v_misc_9,
          nicolae_vaults_meeting, nicolae_vaults_double_plus_2,
          grunt_vaults_hallway_long, hangedman_vaults_trim,
          layout_vaults_omnigrid, serial_shops, shop, uniq_margery, uniq_xtahua,
          uniq_asterion, uniq_sojobo, uniq_jory
Vaults:3: nicolae_vaults_apartment_2, ontoclasm_vaults_idyll,
          hangedman_vaults_hat, nicolae_vaults_storage_closets_1,
          nicolae_vaults_stepped_doors, nicolae_vaults_diamond_1,
          nicolae_vaults_little_squares_2, vaults_standard_mumra_x,
          v_alt_pattern_2, nicolae_vaults_tetromino_L_1, nicolae_vaults_house_1,
          nicolae_vaults_little_squares_1, layout_vaults_chaotic_city,
          nicolae_trove_entry_path_of_doom
Vaults:4: abrahamwl_protected_by_tso_3, v_misc_23,
          nicolae_vaults_little_squares_4, grunt_vaults_hallway_long, v_misc_3,
          dpeg_vaults_monster_box, vaults_dpeg_ring, v_misc_25,
          layout_vaults_omnicross, serial_shops, nicolae_shop_behind_doors
Depths:1: minmay_thick_lines, layout_cave_shapes, minmay_misc_feat_diagonals,
          rand_demon_pan_entry_7, pf_coc_iceberg, uniq_nikola
Depths:2: gammafunk_sealed_arena, layout_small_grid, enter_ziggurat_b,
          pf_vacation_house_of_asmodeus, serial_shops, shop,
          grunt_pan_entry_zigzag, minmay_misc_feat_more_columns, st_stairs_10,
          dreamdust_looks_like_rain, infiniplex_staircase_zigzag_2
Abyss:2:  base: Zot:2, base:
Elf:2

Skill      XL: |  1  2  3  4  5  6  7  8  9 10 11 12 13 14 15 16 17 18 19 20 21 |
---------------+----------------------------------------------------------------+-----
Fighting       | 1 2 3 5 12 13 14 15 18 20 21 23 | 23.0
Dodging        | 2 3 5 6 7 8 |  8.3
Shapeshifting  | 4 5 6 8 10 12 13 14 15 16 17 18 20 21 22 23 | 23.9
Throwing       | 1 4 5 7 8 9 |  9.5
Unarmed Combat | 4 7 9 10 11 12 13 | 13.6
Invocations    | 1 3 5 6 7 8 9 10 | 10.5

Action                     |  1- 3 |  4- 6 |  7- 9 | 10-12 | 13-15 | 16-18 | 19-21 || total
---------------------------+-------+-------+-------+-------+-------+-------+-------++-------
  Melee: Unarmed           |    66 |   104 |   319 |   382 |   711 |   826 |   937 ||  3345
         Punch             |     2 |     3 |     2 |    10 |    45 |    59 |    35 ||   156
         Constrict         |       |       |    53 |    27 |       |       |       ||    80
         Tailslap          |       |       |       |    34 |    86 |    99 |    50 ||   269
         Bite              |       |       |       |    24 |    69 |    84 |    39 ||   216
  Throw: Dart              |       |     3 |     2 |       |       |       |       ||     5
         Throwing net      |       |       |     2 |       |       |       |       ||     2
         Boomerang         |       |       |       |       |       |       |     4 ||     4
 Invoke: Elemental Force   |       |       |       |     2 |    10 |    19 |     7 ||    38
         Upheaval          |       |       |       |       |       |     6 |    11 ||    17
         Disaster Area     |       |       |       |       |       |     1 |       ||     1
Ability: Begin Untransform |       |     1 |     2 |     2 |     1 |       |     4 ||    10
         Breathe Fire      |       |       |       |    10 |    15 |    10 |     8 ||    43
  Evoke: Wand              |       |       |       |     5 |     8 |     6 |     5 ||    24
         Condenser vane    |       |       |       |       |       |     2 |     2 ||     4
    Use: Scroll            |       |     4 |     7 |     7 |    13 |    20 |     6 ||    57
         Potion            |       |     1 |       |     4 |     3 |     9 |     4 ||    21
   Stab: Sleeping          |       |     3 |     1 |       |       |       |       ||     4
         Paralysed         |       |       |       |     1 |     2 |     5 |       ||     8
         Distracted        |       |       |       |       |       |       |     1 ||     1
 Armour: Animal skin       |    46 |    56 |    76 |       |       |       |       ||   178
         Skin              |       |     8 |   156 |   362 |   550 |  1026 |  1396 ||  3498
  Dodge: Dodged            |    22 |    47 |   152 |   164 |   461 |   356 |   577 ||  1779
         Repelled          |       |       |       |     5 |    17 |    23 |    26 ||    71
  Block: Other             |       |       |     5 |    68 |   228 |   408 |   178 ||   887
         Reflection        |       |       |       |       |     2 |    79 |    30 ||   111
   Form: Beast             |       |     1 |       |       |       |       |       ||     1
         Serpent           |       |       |     2 |       |       |       |       ||     2
         Dragon            |       |       |       |     2 |     1 |       |     1 ||     4
         Statue            |       |       |       |       |       |       |     2 ||     2
         Storm             |       |       |       |       |       |       |     1 ||     1

Table legend: (Time is in decaauts)
 A = Elapsed time spent in this place.
 B = Non-inter-level travel time spent in this place.
 C = Inter-level travel time spent in this place.
 D = Time resting spent in this place.
 E = Time spent auto-exploring this place.
 F = Levels seen in this place.
 G = Mean time per level.
                   A        B        C        D        E       F      G
               +--------+--------+--------+--------+--------+-----+--------+
         Total |  58777 |  53908 |   4869 |  12994 |  20173 |  44 | 1335.8 |
       Dungeon |  18047 |  15128 |   2919 |   1706 |   8529 |  15 | 1203.1 |
        Temple |     12 |     12 |      0 |      0 |      0 |   1 |   12.0 |
          Lair |   6513 |   5701 |    812 |   1063 |   3187 |   5 | 1302.6 |
        Shoals |   6432 |   6210 |    222 |   2057 |    805 |   4 | 1608.0 |
     Snake Pit |   6679 |   6321 |    358 |   2121 |   1802 |   4 | 1669.8 |
    Slime Pits |    392 |    355 |     37 |     42 |    214 |   1 |  392.0 |
  Orcish Mines |   2766 |   2645 |    121 |    647 |    568 |   2 | 1383.0 |
   Elven Halls |   4393 |   4263 |    130 |   1646 |    987 |   3 | 1464.3 |
        Vaults |   9788 |   9569 |    219 |   2719 |   2848 |   4 | 2447.0 |
        Depths |   2219 |   2170 |     49 |    669 |    966 |   2 | 1109.5 |
         Abyss |    369 |    369 |      0 |    136 |     21 |   1 |  369.0 |
      Ice Cave |    672 |    672 |      0 |    174 |    110 |   1 |  672.0 |
       Volcano |    489 |    489 |      0 |     12 |    135 |   1 |  489.0 |
               +--------+--------+--------+--------+--------+-----+--------+

Top non-repeatable levels by time:
Vaults:2: 3549 daAuts
Vaults:3: 3202 daAuts
    D:13: 2879 daAuts
 Snake:4: 2644 daAuts
Shoals:4: 2252 daAuts
   Elf:2: 2246 daAuts
Depths:1: 2203 daAuts
Shoals:3: 1962 daAuts
   Elf:1: 1849 daAuts
  Lair:5: 1828 daAuts
 Snake:3: 1792 daAuts
Vaults:4: 1610 daAuts
    D:14: 1521 daAuts
    D:10: 1482 daAuts
    D:12: 1450 daAuts
